 Dungeon Crawl Stone Soup version 0.18.1-48-g4cf74bf (webtiles) character file.

96 Gargoyl the Skirmisher (level 4, -5/37 HPs)
             Began as a Demonspawn Abyssal Knight on Aug 21, 2016.
             Was a Believer of Lugonu.
             Slain by Robin
             ... wielding a +0 falchion
              (10 damage)
             ... on level 2 of the Dungeon.
             The game lasted 00:04:14 (1479 turns).

Gargoyl the Skirmisher (Demonspawn Abyssal Knight)  Turns: 1479, Time: 00:04:15

Health: -5/37      AC: 11    Str: 11 (14) XL:     4   Next: 41%
Magic:  5/5        EV:  2    Int: 12 (13) God:    Lugonu [**....]
Gold:   34         SH: 10    Dex: 15 (17) Spells: 0 memorised, 3 levels left

rFire  . . .     SeeInvis .     a - +1 hand axe
rCold  . . .     Gourm    .     m - +0 plate armour
rNeg   . . .     Faith    .     f - +0 large shield
rPois  .         Spirit   .     (helmet restricted)
rElec  .         Dismiss  .     (no cloak)
rCorr  .         Reflect  .     (no gloves)
SustAt .         Harm     .     (no boots)
MR     .....                    (no amulet)
Stlth  ..........               (no ring)
                                (no ring)

@: agile, not resistant to hostile enchantments, extremely unstealthy
A: horns 1, rot immunity
a: Depart the Abyss, Bend Space, Renounce Religion


You were on level 2 of the Dungeon.
You worshipped Lugonu.
Lugonu was pleased with you.
You were not hungry.

You visited 1 branch of the dungeon, and saw 2 of its levels.
You visited the Abyss 1 time.

You collected 34 gold pieces.

Inventory:

Hand Weapons
 a - a +1 hand axe (weapon)
Armour
 f - a +0 large shield (worn)
 m - a +0 plate armour (worn)
Scrolls
 b - a scroll of teleportation {unknown}
 d - 6 scrolls of remove curse {unknown}
 e - a scroll of recharging {unknown}
Potions
 h - 2 potions of degeneration
 j - a potion of agility
 o - a potion of lignification {unknown}
 p - a potion of ambrosia {unknown}
 q - a potion of cancellation {unknown}
Comestibles
 c - 2 bread rations
 g - 2 meat rations
 i - a beef jerky
 k - 7 fruits
 n - a chunk of flesh


   Skills:
 + Level 4.0 Fighting
 + Level 2.5 Axes
 + Level 2.4 Armour
 + Level 1.2 Dodging
 + Level 0.8 Shields
 + Level 2.6 Invocations


You had 3 spell levels left.
You didn't know any spells.

Dungeon Overview and Level Annotations

Branches:
Dungeon (2/15)

Altars:
Cheibriados

Annotations:
D:2 Robin


Innate Abilities, Weirdness & Mutations

You have a pair of small horns on your head.
You are immune to rotting.


Message History

The hobgoblin no longer looks unusually strong.
Robin hits you with a falchion.
* * * LOW HITPOINT WARNING * * *
Drink which item? (? for menu, Esc to quit)
It was a potion of degeneration.
There was something very wrong with that liquid.
You feel weakened.
You feel dopey.
You feel clumsy.
The goblin no longer looks unusually strong.
The hobgoblin completely misses you. You block Robin's attack.
Drink which item? (? for menu, Esc to quit)
It was a potion of agility.
You feel agile all of a sudden.
The hobgoblin no longer looks unusually strong.
You block Robin's attack. The hobgoblin hits you with a club.
* * * LOW HITPOINT WARNING * * *
The goblin hits you but does no damage.
Drink which item? (? for menu, Esc to quit)
It was a potion of magic.
Magic courses through your body. Robin hits you with a falchion!
You die...

#...............#
#.#.###.####†..##
###.#..##.# #...#
#########.......#.# #...#
#...........##..#.####)..##
#..........................
#.......gg.#.......^..)....
#....†..gg......#..........
#..†...ggg@#.##.######.<.##
........####g......# #...#
.#.####.# ####.#### #...##
# #.# .# #...## #.# #
....## #.# #.#.... #..
#.#.### ... ..#.### ......


You could see Robin (berserk), 3 hobgoblins and 4 goblins.

Vanquished Creatures
  Ijyb (D:2)
  An adder (D:2)
  2 oozes (D:1)
  A dart slug (D:1)
  3 giant geckos
  2 giant cockroaches (D:2)
  7 goblins
  9 hobgoblins
  5 kobolds
  4 bats (D:1)
  A giant newt (D:2)
  6 rats
42 creatures vanquished.

Notes
Turn   | Place    | Note
--------------------------------------------------------------
     0 | Abyss:1  | Gargoyl the Demonspawn Abyssal Knight began the quest for the Orb.
     0 | Abyss:1  | Reached XP level 1. HP: 18/18 MP: 2/2
     5 | Abyss:1  | Noticed a brown very ugly thing
     5 | Abyss:1  | Noticed a brown very ugly thing
     5 | Abyss:1  | Noticed a brown ugly thing
     5 | Abyss:1  | Noticed a brown very ugly thing
     5 | Abyss:1  | Noticed a brown very ugly thing
    29 | Abyss:2  | Noticed a shadow dragon skeleton
    32 | Abyss:2  | Noticed a small abomination
    36 | D:1      | Escaped the Abyss
   280 | D:1      | Reached * piety under Lugonu
   280 | D:1      | Gained mutation: You have a pair of small horns on your head. [demonic ancestry]
   280 | D:1      | Reached XP level 2. HP: 24/24 MP: 3/3
   725 | D:1      | Reached XP level 3. HP: 29/30 MP: 4/4
   885 | D:1      | Reached skill level 1 in Dodging
  1141 | D:2      | Found a snail-covered altar of Cheibriados.
  1157 | D:2      | Noticed Ijyb
  1180 | D:2      | Killed Ijyb
  1180 | D:2      | Reached skill level 4 in Fighting
  1180 | D:2      | Gained mutation: You are immune to rotting. [demonic ancestry]
  1180 | D:2      | Reached XP level 4. HP: 25/37 MP: 5/5
  1261 | D:2      | Reached ** piety under Lugonu
  1461 | D:2      | Noticed Robin
  1479 | D:2      | Slain by Robin

Skill      XL: |  1  2  3 |
---------------+----------+-----
Axes           | 2 |  2.5
Armour         | 2 |  2.4
Dodging        | 1 |  1.2
Fighting       | 4 |  4.0
Shields        | |  0.8
Invocations    | |  2.6

Action                   |  1- 3 |  4- 6 || total
-------------------------+-------+-------++-------
Melee: Hand axe          |    86 |    30 ||   116
       Headbutt          |     9 |     7 ||    16
Invok: Depart the Abyss  |     1 |       ||     1
  Use: Potion            |       |     3 ||     3
  Eat: Chunk             |       |     2 ||     2
Armor: Leather armour    |    23 |       ||    23
       Plate armour      |    22 |    27 ||    49
Dodge: Dodged            |    24 |     2 ||    26
Block: Large shield      |    49 |    27 ||    76
